 Dungeon Crawl Stone Soup version 0.17-a0-2069-g0f4ee5b (webtiles) character file.

660 tp1 the Ducker (level 7, 0/33 HPs)
             Began as a Spriggan Assassin on Oct 13, 2015.
             Killed from afar by MordorOrchid's ghost (11 damage)
             ... with a puff of frost
             ... on level 5 of the Dungeon.
             The game lasted 00:50:55 (5811 turns).

tp1 the Ducker (Spriggan Assassin)                  Turns: 5811, Time: 00:50:55

Health: 0/33       AC:  4    Str:  7    XL:     7   Next: 30%
Magic:  10/10      EV: 24    Int: 12    God:
Gold:   205        SH:  0    Dex: 20    Spells: 0 memorised, 6 levels left

rFire  . . .     SeeInvis +     x - -2 shortbow (curse)
rCold  . . .     Clarity  .     p - +0 robe
rNeg   . . .     SustAt   .     (shield restricted)
rPois  .         Gourm    .     (helmet restricted)
rElec  .         Spirit   .     d - +1 cloak
rCorr  .         Warding  .     (gloves unavailable)
rMut   .         Stasis   .     (boots unavailable)
MR     +....                    (no amulet)
Stlth  ++++......               (no ring)
                                (no ring)

@: lethally poisoned (0 -> -1), very quick, somewhat resistant to hostile
enchantments, stealthy
A: unfitting armour, see invisible, herbivore 3, speed 3, slow metabolism 2
a: no special abilities


You were on level 5 of the Dungeon.
You were full.

You visited 1 branch of the dungeon, and saw 5 of its levels.

You collected 205 gold pieces.

Inventory:

Hand Weapons
 a - a +3 dagger
 b - a +0 blowgun
 x - a cursed -2 shortbow (weapon)
Missiles
 e - 2 poisoned needles
 f - 2 curare-tipped needles
 A - 20 arrows (quivered)
Armour
 c - a +0 robe
 d - a +1 cloak (worn)
 p - a +0 robe (worn)
Jewellery
 j - a cursed ring of teleportation
 l - a cursed amulet of inaccuracy {unknown}
 C - a cursed -2 ring of protection {unknown}
Wands
 t - a wand of polymorph (21)
Scrolls
 k - a scroll of enchant armour
 o - 2 scrolls of noise
 q - 2 scrolls of identify
 y - 2 scrolls of remove curse
Potions
 h - a potion of heal wounds {unknown}
 i - a potion of mutation {unknown}
 m - a potion of ambrosia
 n - a potion of curing
 r - a potion of invisibility {unknown}
 s - a potion of brilliance {unknown}
 u - a potion of poison {unknown}
 v - a potion of haste {unknown}
 w - a potion of lignification {unknown}
 B - a potion of might {unknown}
Comestibles
 g - 4 bread rations
 z - a slice of pizza


   Skills:
 - Level 1.5 Fighting
 - Level 6.2 Short Blades
 * Level 1.0 Bows
 - Level 2.0 Throwing
 - Level 7.0 Dodging
 - Level 6.3 Stealth
 + Level 3.3 Evocations


You had 6 spell levels left.
You didn't know any spells.

Dungeon Overview and Level Annotations

Branches:
Dungeon (5/15)
 Temple: D:4-7

Altars:
Dithmenos
Gozag
Nemelex Xobeh
Trog

Shops:
D:4 ?(

Annotations:
D:5 MordorOrchid's ghost, novice OpIE


Innate Abilities, Weirdness & Mutations

You are tiny and cannot use many weapons and most armour.
You have supernaturally acute eyesight.
You are a herbivore.
You cover ground extremely quickly.
You need consume almost no food.


Message History

You shoot an arrow.
The arrow barely misses MordorOrchid's ghost.
You feel sick.
MordorOrchid's ghost closely misses you.
MordorOrchid's ghost casts a spell at you.
The puff of frost hits you!
Firing (i - inventory):
A - 22 arrows (quivered)
Press: ? - help, Shift-Dir - straight line, f/p - MordorOrchid's ghost
Aim: MordorOrchid's ghost, wielding a weapon of electrocution (lightly damaged)
You shoot an arrow.
The arrow barely misses MordorOrchid's ghost.
You feel sick.
Firing (i - inventory):
A - 21 arrows (quivered)
Press: ? - help, Shift-Dir - straight line, f/p - MordorOrchid's ghost
Aim: MordorOrchid's ghost, wielding a weapon of electrocution (lightly damaged)
You shoot an arrow. The arrow hits MordorOrchid's ghost.
MordorOrchid's ghost is moderately damaged.
MordorOrchid's ghost casts a spell at you.
The puff of frost hits you!
You die...

.. #.....(# ...### #......#
....## #......#
###..#######......# #
#(...(.(.(.(..(...###
#..####..##............#
#..####..#.....W..###.....
#.....##.#........# ....
#...#. #.#....@...# ...
##.....##..........###.....
.........#................#
...................###...#
.........##.....$....#...#
......$...#..)...........#
.......##..............#.#
.............##.)......# .
.......##..#.<##.......##.#


You could see MordorOrchid's ghost.

Vanquished Creatures
  Sigmund (D:2)
  A centaur (D:5)
  A crimson imp (D:3)
  An orc priest (D:3)
  A giant frog skeleton (D:4)
  A hound (D:4)
  5 worker ants
  8 adders
  2 gnolls
  A shadow imp (D:4)
  3 worms
  An adder skeleton (D:4)
  5 orcs
  7 bats
  6 hobgoblins
  3 quokkas
  3 ball pythons
  4 giant cockroaches
  2 giant geckos
  4 giant newts
  7 goblins
  8 jackals (D:2)
  9 kobolds
  A quokka skeleton (D:4)
  12 rats
97 creatures vanquished.

Notes
Turn   | Place    | Note
--------------------------------------------------------------
     0 | D:1      | tp1 the Spriggan Assassin began the quest for the Orb.
     0 | D:1      | Reached XP level 1. HP: 10/10 MP: 2/2
   211 | D:1      | Reached XP level 2. HP: 14/14 MP: 3/3
  1653 | D:2      | Reached XP level 3. HP: 15/18 MP: 4/4
  1656 | D:2      | Noticed Sigmund
  1710 | D:2      | Killed Sigmund
  1710 | D:2      | Reached skill level 6 in Short Blades
  1710 | D:2      | Reached XP level 4. HP: 20/22 MP: 5/5
  1710 | D:2      | Reached XP level 5. HP: 22/25 MP: 6/6
  2026 | D:2      | Found a shadowy altar of Dithmenos.
  2142 | D:2      | Found a bloodstained altar of Trog.
  2248 | D:2      | HP: 1/25 [poisoned by an adder]
  2540 | D:2      | Found a shadowy altar of Dithmenos.
  2826 | D:2      | Found a bloodstained altar of Trog.
  3203 | D:3      | Reached XP level 6. HP: 27/30 MP: 7/7
  3909 | D:3      | Reached skill level 5 in Dodging
  4568 | D:4      | Found Fylaes's Weapon Shoppe.
  4745 | D:4      | Reached skill level 7 in Dodging
  4745 | D:4      | Reached XP level 7. HP: 33/33 MP: 8/8
  5071 | D:4      | Found a sparkling altar of Nemelex Xobeh.
  5071 | D:4      | Found an opulent altar of Gozag.
  5336 | D:4      | Found Xitia's Magic Scroll Shoppe.
  5511 | D:5      | Entered Level 5 of the Dungeon
  5529 | D:5      | Reached skill level 1 in Evocations
  5591 | D:5      | Noticed MordorOrchid's ghost (novice OpIE)
  5804 | D:5      | Reached skill level 1 in Bows
  5811 | D:5      | Killed from afar by MordorOrchid's ghost

Vault maps used:
D:1:      minmay_arrival_checkered_box
D:2:      lemuel_coloured_pillars_altar, lemuel_doored_altar, first_bread,
          uniq_sigmund
D:4:      grunt_temple_overflow_opulence, serial_shops, shop_statue, shop,
          supply_closet_lemuel
D:5:      hex_medium, hex_intersection

Action                   |  1- 3 |  4- 6 |  7- 9 || total
-------------------------+-------+-------+-------++-------
Melee: Dagger            |    16 |    82 |     1 ||    99
       Short sword       |       |     7 |       ||     7
 Fire: Blowgun           |    50 |    80 |    26 ||   156
       Shortbow          |       |       |     8 ||     8
  Use: Potion            |       |     2 |       ||     2
       Scroll            |       |     9 |       ||     9
 Stab: Sleeping          |    18 |    27 |     3 ||    48
       Distracted        |     1 |     1 |       ||     2
  Eat: Bread ration      |       |       |     1 ||     1
